 Dungeon Crawl Stone Soup version 0.30.0-5-g1a98f26d00 (webtiles) character file.

Game seed: 15686506628409493181

22227 monsoonserge the Stormcaller (level 12, -8/64 HPs)
             Began as a Tengu Air Elementalist on May 9, 2023.
             Was a Priest of Vehumet.
             Mangled by an azure jelly (36 damage)
             ... summoned by an orange crystal statue
             ... in an ice cave on May 10, 2023.
             The game lasted 02:37:36 (18882 turns).

monsoonserge the Stormcaller (TeAE)                Turns: 18882, Time: 02:37:36

Health: -8/64      AC:  5    Str:  9    XL:     12   Next: 98%
Magic:  17/22      EV: 22    Int: 20    God:    Vehumet [***...]
Gold:   977        SH:  5    Dex: 15    Spells: 3/23 levels left

rFire   + . .        g - staff of air
rCold   . . .        (no shield)
rNeg    . . .        E - +2 leather armour {rF+}
rPois   .            (helmet restricted)
rElec   +            (no cloak)
rCorr   .            (no gloves)
SInv    +            (boots unavailable)
Will    .....        h - amulet of reflection
Stlth   ++           v - ring of see invisible
HPRegen 0.30/turn    N - +5 ring of evasion
MPRegen 0.18/turn

%: reflection
@: flying quickly and evasively, quick
A: beak, talons 3, nimble flight
a: Renounce Religion


You were in an ice cave.
You worshipped Vehumet.
Vehumet was most pleased with you.
You visited 4 branches of the dungeon, and saw 16 of its levels.
You also visited: Bailey and Ice Cave.

You collected 977 gold pieces.

Inventory:

Hand Weapons
 m - a +1 dagger of holy wrath
 y - a +3 quarterstaff of speed
 C - a +1 dagger of chaos
 H - a +2 rapier of draining
Missiles
 a - 10 curare-tipped darts
 q - 13 atropa-tipped darts
 A - 12 poisoned darts
 F - 23 boomerangs (quivered)
 L - a throwing net
 R - 3 datura-tipped darts
Armour
 E - a +2 leather armour of fire resistance (worn)
 I - +0 steam dragon scales
Magical Staves
 g - a staff of air (weapon)
Jewellery
 c - a +6 ring of dexterity
 h - an amulet of reflection (around neck)
 v - a ring of see invisible (left hand)
 D - a +6 ring of strength
 K - a +6 ring of strength
 N - a +5 ring of evasion (right hand)
 S - an amulet of regeneration
 T - a +6 ring of dexterity
Wands
 k - a wand of polymorph (10)
 l - a wand of flame (10)
 Q - a wand of roots (7)
Scrolls
 d - 2 scrolls of enchant weapon
 f - 3 scrolls of poison
 j - a scroll of amnesia {unknown}
 s - 2 scrolls of vulnerability
 t - a scroll of enchant armour {unknown}
 u - 2 scrolls of magic mapping
 x - a scroll of fog {unknown}
 G - 2 scrolls of blinking
 J - a scroll of summoning
 M - 2 scrolls of teleportation
 P - a scroll of silence {unknown}
Potions
 b - 2 potions of magic
 e - 5 potions of curing
 i - 2 potions of haste
 n - 2 potions of invisibility
 p - 2 potions of heal wounds
 r - 4 potions of lignification
 w - 2 potions of ambrosia
 z - 2 potions of berserk rage
 B - 2 potions of brilliance
 O - a potion of attraction
 U - a potion of mutation {unknown}


   Skills:
 + Level 3.1 Fighting
 + Level 1.5 Short Blades
 * Level 7.7 Staves
 + Level 1.4 Throwing
 - Level 4.0 Armour
 + Level 6.4 Dodging
 + Level 4.0 Stealth
 - Level 1.0 Shields
 - Level 6.0 Spellcasting
 + Level 12.1 Conjurations
 + Level 1.0 Hexes
 + Level 3.5 Translocations
 + Level 15.6 Air Magic
 - Level 3.0 Poison Magic
 * Level 5.7 Evocations


You had 3 spell levels left.
You knew the following spells:

 Your Spells              Type           Power      Damage    Failure   Level
a - Shock                 Conj/Air       100%       1d9       1%          1
b - Blink                 Tloc           40%        N/A       4%          2
c - Mephitic Cloud        Conj/Pois/Air  63%        N/A       1%          3
d - Airstrike             Air            40%        2d(6-22)  1%          4
e - Static Discharge      Conj/Air       100%       2-7/arc   1%          2
f - Dazzling Flash        Conj/Hex       64%        N/A       1%          3
g - Searing Ray           Conj           100%       2d8       1%          2
h - Swiftness             Air            80%        N/A       1%          3

Your spell library contained the following spells:

 Spells                   Type           Power      Damage    Failure   Level
 Frozen Ramparts          Ice            12%        1d2       11%         3
 Magic Dart               Conj           100%       1d8       1%          1
 Momentum Strike          Conj/Tloc      74%        3d10      1%          2
 Lesser Beckoning         Tloc           40%        N/A       4%          2
 Scorch                   Fire           12%        2d5       6%          2
 Slow                     Hex            40%        N/A       10%         1
 Call Imp                 Summ           12%        N/A       22%         2
 Confusing Touch          Hex            10%        N/A       28%         3
 Vampiric Draining        Necr           6%         2d6       38%         3
 Flame Wave               Conj/Fire      30%        2d9       3%          4
 Silence                  Hex/Air        28%        N/A       13%         5
 Agony                    Necr           6%         N/A       98%         5
 Summon Cactus Giant      Summ           3%         N/A       100%        6
 Necromutation            Tmut/Necr      3%         N/A       100%        8


Dungeon Overview and Level Annotations

Branches:
Dungeon (11/15)            Temple (1/1) D:5            Lair (3/5) D:9
 Shoals (1/4) Lair:2        Snake (0/4) Lair:2       Bailey (visited)
  IceCv (1/1)
    Orc: D:9-12

Altars:
Ashenzari
Cheibriados
Dithmenos
Elyvilon
Fedhas
Gozag
Hepliaklqana
Kikubaaqudgha
Makhleb
Nemelex Xobeh
Okawaru
Qazlal
Ru
Sif Muna
Trog
Uskayaw
Vehumet
Wu Jian
Xom
Yredelemnul
Zin
The Shining One

Shops:
D:3 (

Annotations:
D:8 3 runed translucent doors, bmack86's ghost, novice MiFi IceCv exclusion: 2 orange crystal statues


Innate Abilities, Weirdness & Mutations

You have a beak for a mouth.
You have claws for feet.
Your magical nature lets you fly swiftly and evasively.


Message History

The azure jelly jiggles.
You start resting.
An azure jelly is nearby!
Okay, then.
Press: ? - help, v - describe, . - travel The floor.
The slime creature quivers.
The quicksilver ooze quivers.
Casting: Searing Ray (safe; 1% risk of failure)
Confirm with . or Enter, or press ? or * to list all spells.
Okay, then.
Okay, then.
Press: ? - help, v - describe, . - travel
Here: a quicksilver ooze The floor.
Okay, then.
Casting: Searing Ray (safe; 1% risk of failure)
Confirm with . or Enter, or press ? or * to list all spells.
Aiming: Airstrike (safe; 1% risk of failure)
Press: ? - help, Dir - move target, f - quicksilver ooze
Aim: a quicksilver ooze (empty space bonus: 6/8)
You feel a surge of power!
The air twists around and strikes the quicksilver ooze!
The quicksilver ooze is moderately wounded.
The slime creature quivers.
Magic courses through your body. The slime creature barely misses you.
The azure jelly barely misses you. The azure jelly hits you.
The azure jelly freezes you!! The azure jelly barely misses you.
You block the azure jelly's attack.
Casting: Airstrike (safe; 1% risk of failure)
Confirm with . or Enter, or press ? or * to list all spells.
Aiming: Airstrike (safe; 1% risk of failure)
Press: ? - help, Dir - move target, f/p - quicksilver ooze
Aim: a quicksilver ooze (moderately wounded, empty space bonus: 7/8)
You feel a surge of power!
The air twists around and strikes the quicksilver ooze!!
The quicksilver ooze is heavily wounded.
The azure jelly hits you. The azure jelly freezes you!!!
Ouch! That really hurt!
You die...

.# ########.##
###.........# #
##...........### ###
#......###.....# #..
#.....######........
#..JJ....[[# #....##
##.J...##?).J #####
##@J...##....8##...
####...####JJ...JJ
##....####...##
###.....#####.
####........
####...## ##.##
##.## ##...##


You could see an azure jelly (summoned), 2 slime creatures and a quicksilver
ooze.

Vanquished Creatures
  2 quicksilver oozes (IceCv)
  A merfolk impaler (Shoals:1)
  Amaemon (Lair:2)
  A sea snake (Shoals:1)
  Pikel (D:9)
  An orange crystal statue (IceCv)
  An orc knight (Bailey)
  A faun (Shoals:1)
  Joseph (D:8)
  A water nymph (Lair:2)
  2 cane toads
  An orange demon (Lair:2)
  5 komodo dragons
  Psyche (D:8)
  3 freezing wraiths (Shoals:1)
  A kobold demonologist (D:9)
  A rime drake (Lair:2)
  A polar bear (Lair:2)
  A troll (D:10)
  A merfolk (Shoals:1)
  7 slime creatures (IceCv)
  A shadow (D:10)
  A vampire (D:9)
  6 wyverns
  24 yaks
  Grum (D:8)
  3 steam dragons
  Menkaure (D:6)
  10 water moccasins
  An orc warrior (D:6)
  3 black bears
  3 ice beasts
  2 sky beasts (D:6)
  2 ogres (D:6)
  5 wolves
  2 centaurs (D:6)
  4 great orb of eyes simulacra (IceCv)
  6 kobold brigands
  2 slime creature simulacra (IceCv)
  7 bullfrogs
  2 glowing shapeshifter simulacra (IceCv)
  5 scorpions
  9 wights (D:9)
  12 killer bees (D:9)
  3 howler monkeys
  A jelly (D:6)
  2 orc priests
  A gnoll bouda (D:7)
  2 hounds
  5 iguanas
  Natasha (D:4)
  3 orc wizards
  Robin (D:2)
  4 gnolls (D:7)
  8 adders
  3 shadow imps
  4 white imps
  An ufetubus (D:6)
  2 worms (D:4)
  3 dart slugs
  19 orcs
  3 endoplasms (D:4)
  4 giant cockroaches
  12 goblins
  4 hobgoblins
  3 jackals (D:4)
  4 quokkas
  6 ball pythons
  2 bats
  A frilled lizard (D:2)
  13 kobolds
  4 rats
266 creatures vanquished.

Vanquished Creatures (others)
  A slime creature (IceCv)
1 creature vanquished.

Grand Total: 267 creatures vanquished

Notes
Turn   | Place    | Note
-------+----------+-------------------------------------------
     0 | D:1      | monsoonserge the Tengu Air Elementalist began the quest for
                  | the Orb.
     0 | D:1      | Reached XP level 1. HP: 10/10 MP: 4/4
   534 | D:2      | Reached XP level 2. HP: 11/15 MP: 6/6
   538 | D:2      | Learned a level 2 spell: Blink
   862 | D:2      | Reached XP level 3. HP: 1/19 MP: 2/7
   960 | D:2      | Noticed Robin
   963 | D:2      | Killed Robin
  1297 | D:3      | Reached XP level 4. HP: 24/24 MP: 8/8
  1326 | D:3      | Noticed a scorpion
  1345 | D:3      | Reached skill level 1 in Translocations
  1345 | D:3      | Reached skill level 5 in Air Magic
  1358 | D:3      | Killed a scorpion
  1359 | D:3      | Gained mutation: Your magical nature lets you fly swiftly
                  | and evasively. [Tengu growth]
  1359 | D:3      | Reached XP level 5. HP: 3/28 MP: 1/9
  1364 | D:3      | Learned a level 3 spell: Mephitic Cloud
  1607 | D:3      | Found Nuopp's Weapon Emporium.
  2019 | D:3      | Reached skill level 1 in Short Blades
  2214 | D:4      | Reached XP level 6. HP: 11/33 MP: 0/11
  2389 | D:4      | Learned a level 4 spell: Airstrike
  3099 | D:4      | Noticed Natasha
  3105 | D:4      | Killed Natasha
  3329 | D:5      | Entered Level 5 of the Dungeon
  3334 | D:5      | Noticed an ice beast
  3404 | D:5      | Reached skill level 1 in Poison Magic
  3404 | D:5      | Reached XP level 7. HP: 10/37 MP: 1/12
  3557 | D:5      | Found a sparkling altar of Nemelex Xobeh.
  3567 | D:5      | Reached skill level 6 in Air Magic
  3702 | D:5      | Reached skill level 5 in Conjurations
  3847 | D:5      | Reached skill level 7 in Air Magic
  3971 | D:5      | Reached skill level 1 in Fighting
  4010 | D:5      | Found a staircase to the Ecumenical Temple.
  4019 | Temple   | Entered the Ecumenical Temple
  4173 | Temple   | Became a worshipper of Vehumet
  4339 | D:6      | Reached XP level 8. HP: 43/43 MP: 7/13
  4569 | D:6      | Noticed Menkaure
  4573 | D:6      | Killed Menkaure
  4643 | D:6      | Noticed a yak
  4644 | D:6      | Noticed a yak
  4646 | D:6      | Noticed a yak
  4767 | D:6      | Reached skill level 1 in Evocations
  4774 | D:6      | Noticed a yak
  4776 | D:6      | Noticed a yak
  4928 | D:5      | Killed a yak
  4929 | D:5      | Reached skill level 8 in Air Magic
  5164 | D:5      | Killed a yak
  5408 | D:6      | Found a hide-covered altar of Uskayaw.
  5411 | D:6      | Found a glowing golden altar of the Shining One.
  5413 | D:6      | Found a blossoming altar of Fedhas.
  5698 | D:6      | Reached XP level 9. HP: 47/47 MP: 1/16
  5838 | D:6      | Reached skill level 9 in Air Magic
  5848 | D:6      | Reached skill level 1 in Staves
  6897 | D:6      | Reached * piety under Vehumet
  6897 | D:6      | Offered knowledge of Freeze by Vehumet.
  6898 | D:6      | Reached skill level 10 in Air Magic
  7317 | D:7      | Reached skill level 1 in Shields
  7961 | D:7      | Reached skill level 11 in Air Magic
  7961 | D:7      | Reached XP level 10. HP: 53/53 MP: 0/17
  8200 | D:8      | Noticed Psyche
  8596 | D:8      | Noticed Joseph
  8649 | D:8      | Noticed Grum
  8654 | D:8      | Killed Grum
  8655 | D:8      | Reached skill level 5 in Dodging
  8779 | D:8      | Killed Psyche
  8780 | D:8      | Reached skill level 10 in Conjurations
  9210 | D:9      | Reached skill level 12 in Air Magic
  9219 | D:9      | Noticed Pikel
  9283 | D:9      | Noticed a kobold demonologist
  9309 | D:9      | Noticed a sixfirhy
  9349 | D:8      | Killed Joseph
  9580 | D:9      | Found a flagged portal.
  9587 | Bailey   | Entered a bailey
  9659 | Bailey   | Learned a level 2 spell: Static Discharge
  9697 | Bailey   | Offered knowledge of Searing Ray by Vehumet.
  9830 | Bailey   | Learned a level 3 spell: Dazzling Flash
  9833 | Bailey   | Learned a level 2 spell: Searing Ray
  9843 | Bailey   | Noticed an orc knight
  9844 | Bailey   | Reached skill level 1 in Armour
  9999 | Bailey   | Killed an orc knight
  9999 | Bailey   | Reached ** piety under Vehumet
 10000 | Bailey   | Reached skill level 1 in Throwing
 10101 | Bailey   | Found a bloodstained altar of Trog.
 10115 | Bailey   | Got The Intricacies of Gnosis
 10234 | D:9      | Reached skill level 1 in Hexes
 10269 | D:9      | Killed a kobold demonologist
 10270 | D:9      | Reached XP level 11. HP: 54/57 MP: 5/19
 10306 | D:9      | Reached skill level 5 in Spellcasting
 10699 | D:9      | Learned a level 3 spell: Swiftness
 11087 | D:8      | Reached skill level 13 in Air Magic
 11122 | D:8      | Found an ornate altar of the Wu Jian Council.
 11233 | D:8      | Found a runed translucent gate.
 11233 | D:8      | Found a runed translucent gate.
 11233 | D:8      | Found a runed translucent gate.
 11233 | D:8      | Noticed bmack86's ghost (novice MiFi)
 11575 | D:9      | Killed Pikel
 12058 | D:9      | Found a staircase to the Lair.
 12199 | Lair:1   | Entered Level 1 of the Lair of Beasts
 12375 | Lair:1   | Offered knowledge of Stone Arrow by Vehumet.
 13690 | Lair:2   | Noticed Amaemon
 13847 | D:10     | Entered Level 10 of the Dungeon
 14313 | D:10     | Reached skill level 5 in Staves
 14579 | D:11     | Noticed a boulder beetle
 14996 | D:11     | Noticed a brown ugly thing
 15315 | Lair:2   | Killed Amaemon
 15316 | Lair:2   | Reached XP level 12. HP: 64/64 MP: 2/22
 15528 | Lair:2   | Reached skill level 14 in Air Magic
 15628 | Lair:2   | Found a staircase to the Snake Pit.
 15958 | Lair:2   | Reached *** piety under Vehumet
 16368 | Lair:2   | Found a staircase to the Shoals.
 16705 | Lair:3   | Noticed a skyshark
 16855 | Lair:3   | Noticed a skyshark
 16904 | Shoals:1 | Entered Level 1 of the Shoals
 16918 | Shoals:1 | HP: 3/64 [poisoned by a sea snake]
 17126 | Shoals:1 | Noticed a merfolk impaler
 17198 | Shoals:1 | Killed a merfolk impaler
 17387 | Shoals:1 | Found a frozen archway.
 17507 | Shoals:1 | Reached skill level 5 in Evocations
 17551 | IceCv    | Entered an ice cave
 17612 | IceCv    | Reached skill level 15 in Air Magic
 17809 | IceCv    | Offered knowledge of Frozen Ramparts by Vehumet.
 17860 | IceCv    | Noticed a quicksilver ooze
 17872 | IceCv    | Killed a quicksilver ooze
 18555 | IceCv    | Noticed a quicksilver ooze
 18608 | IceCv    | Killed a quicksilver ooze
 18651 | IceCv    | Noticed a quicksilver ooze
 18838 | IceCv    | Noticed an azure jelly
 18882 | IceCv    | Mangled by an azure jelly

Illustrated notes

Levels and vault maps discovered:
D:1:      dpeg_arrival_court, layout_rooms, serial_curves, eino_curves_03,
          eino_curves_01
D:2:      layout_loops_ring, uniq_robin
D:3:      layout_basic, serial_shops, nicolae_shop_bloodbath_and_beyond,
          minmay_crystal_room
D:4:      layout_layer_cave, uniq_natasha
D:5:      layout_rooms, kennysheep_little_box,
          minmay_temple_entry_drinking_statues
D:6:      minmay_chambers_of_threes, layout_gridville,
          grunt_temple_overflow_open, uniq_menkaure
D:7:      layout_rooms
D:8:      layout_basic, marbit_many_paths, gammafunk_ghost_nasty_kobolds,
          minmay_circle_x, uniq_joseph, uniq_grum, uniq_psyche
D:9:      layout_roguey, minmay_lair_entry_grove, enter_bailey_3, st_stairs_7,
          uniq_pikel
D:10:     layout_loops_ring
D:11:     layout_gridville, david_orc_4, grunt_ministairs_7, uniq_lodul,
          uniq_snorg
Temple:   minmay_crystal_spiral_temple
Lair:1:   layout_long_grid, chequers_serial_rivers_micro_d
Lair:2:   layout_small_grid, nicolae_shoals_entry_flooding, dummy_snake_entry,
          grunt_megastairs_1, uniq_amaemon
Lair:3:   layout_small_grid, nicolae_quartered_pool_little, grunt_megastairs_5
Shoals:1: layout_shoals, portal_ice_cave_entry_frozen_things
IceCv:    ice_cave_hellmonk_azure_passage

Skill      XL: |  1  2  3  4  5  6  7  8  9 10 11 12 |
---------------+-------------------------------------+-----
Conjurations   | 2 3 4 6 7 9 10 11 12 | 12.1
Translocations | 1 2 3 |  3.5
Air Magic      | 5 7 8 11 12 13 15 | 15.6
Short Blades   | 1 |  1.5
Spellcasting   | 3 4 6 |  6.0
Poison Magic   | 1 2 3 |  3.0
Dodging        | 3 4 5 6 |  6.4
Fighting       | 1 2 3 |  3.1
Evocations     | 2 3 4 5 |  5.7
Stealth        | 3 4 |  4.0
Staves         | 2 5 7 |  7.7
Shields        | 1 |  1.0
Armour         | 2 4 |  4.0
Throwing       | 1 |  1.4
Hexes          | 1 |  1.0

Action                     |  1- 3 |  4- 6 |  7- 9 | 10-12 || total
---------------------------+-------+-------+-------+-------++-------
  Melee: Short sword       |     6 |       |       |       ||     6
         Kick              |     6 |     7 |    20 |    50 ||    83
         Rapier            |    19 |     9 |       |       ||    28
         Peck              |     3 |     4 |    16 |    32 ||    55
         Dagger            |       |    18 |     1 |       ||    19
         Punch             |       |     1 |       |     2 ||     3
         Staff             |       |       |    47 |   134 ||   181
  Throw: Dart              |       |       |     1 |    10 ||    11
         Throwing net      |       |       |       |     2 ||     2
         Boomerang         |       |       |       |     2 ||     2
   Cast: Shock             |    26 |   112 |   199 |   284 ||   621
         Blink             |       |     1 |     6 |    17 ||    24
         Mephitic Cloud    |       |       |    24 |    35 ||    59
         Airstrike         |       |       |    12 |    74 ||    86
         Searing Ray       |       |       |       |    47 ||    47
         Static Discharge  |       |       |       |    10 ||    10
         Swiftness         |       |       |       |     2 ||     2
  Evoke: Wand              |       |       |       |    20 ||    20
    Use: Potion            |     1 |     5 |     1 |     8 ||    15
         Scroll            |       |       |     1 |    15 ||    16
   Stab: Sleeping          |     3 |       |       |     2 ||     5
         Distracted        |     1 |       |       |       ||     1
         Confused          |       |       |     2 |    10 ||    12
 Armour: Robe              |     4 |     3 |     5 |     1 ||    13
         Leather armour    |       |       |       |    25 ||    25
  Dodge: Dodged            |    13 |    34 |    54 |   255 ||   356
  Block: Other             |       |     8 |    19 |    62 ||    89
         Reflection        |       |       |     2 |     2 ||     4
